 Dungeon Crawl Stone Soup version 0.31.0-1-g2c135a008e (webtiles) character file.

Game seed: 2993616927452322827

711 qw the Shooter (level 8, 0/58 HPs)
             Began as a Djinni Hunter on Jan 23, 2024.
             Was a Follower of Okawaru.
             Slain by an orc
             ... wielding a +0 flail
              (1 damage)
             ... on level 6 of the Dungeon.
             The game lasted 00:00:16 (3442 turns).

qw the Shooter (Djinni Hunter)                      Turns: 3442, Time: 00:00:16

Health: 0/58       AC:  8    Str: 10    XL:     8   Next: 0%
Gold:   258        EV: 12    Int: 12    God:    Okawaru [*.....] SH:  0 Dex: 24

rFire   + + .        a - +0 shortbow (freeze)
rCold   . . .        (shield currently unavailable)
rNeg    . . .        h - +0 ring mail
rPois   inf          g - +2 helmet
rElec   .            (no cloak)
rCorr   .            (no gloves)
SInv    .            (boots unavailable)
Will    .....        (no amulet)
Stlth   +            l - +6 ring of dexterity
HPRegen 0.29/turn    o - ring of protection from cold
MPRegen 0.00/turn

%: infuse magic (-1 HP)
@: about to teleport, flying
A: sickness immunity, fire resistance 2, cold vulnerability 1, float, innate
caster, HP casting, extra vitality 1
a: Renounce Religion, Heroism


You were on level 6 of the Dungeon.
You worshipped Okawaru.
Okawaru was aware of your devotion.
You visited 2 branches of the dungeon, and saw 7 of its levels.

You collected 258 gold pieces.


Innate Abilities, Weirdness & Mutations

You are immune to sickness and miasma.
You are immune to poison.
Your flesh is very heat resistant. (rF++)
You are vulnerable to cold. (rC-)
You float through the air rather than walking.
You learn spells naturally, not from books.
Your magical power is your life essence.
You have superior vitality. (+4 MHP)


   Skills:
 - Level 4.0 Fighting
 - Level 6.0 Ranged Weapons
 + Level 1.2 Armour
 - Level 4.0 Dodging
 - Level 0.7 Stealth
 + Level 2.0 Invocations


You knew the following spells:

 Your Spells              Type           Power      Damage    Failure   Level
a - Summon Small Mammal   Summ           0%         N/A       63%         1
b - Searing Ray           Conj           0%         2d4       77%         2
c - Gell's Gravitas       Tloc           0%         N/A       94%         3
Your spell library was empty.

Inventory:

Hand Weapons
 a - a +0 shortbow of freezing (weapon)
Armour
 g - a +2 helmet (worn)
 h - a +0 ring mail (worn)
Jewellery
 l - a +6 ring of dexterity (left hand)
 o - a ring of protection from cold (right hand)
 Y - the ring of Noruok {rCorr Str+3}
   (You found it on level 3 of the Dungeon)

   [ring of resist corrosion]

   Str+3:     It affects your strength (+3).
   rCorr:     It protects you from acid and corrosion.
Wands
 d - a wand of polymorph (13)
 n - a wand of flame (18)
Scrolls
 b - a scroll of teleportation
 e - 2 scrolls of identify
Potions
 c - 3 potions of enlightenment
 f - 2 potions of heal wounds
 i - a potion of curing

Dungeon Overview and Level Annotations

Branches:
Dungeon (6/15)             Temple (1/1) D:4

Altars:
Ashenzari
Cheibriados
Dithmenos
Elyvilon
Fedhas
Gozag
Hepliaklqana
Makhleb
Nemelex Xobeh
Okawaru
Qazlal
Ru
Trog
Uskayaw
Wu Jian
Xom
Yredelemnul
Zin
The Shining One

Annotations:
D:1 1 transporter
D:3 3 runed translucent doors, qw's ghost, amateur DjHu


Message History

The orc hits you but does no damage. The orc closely misses you.
You shoot an arrow.
The arrow closely misses the orc warrior.
The adder barely misses you. The orc hits you but does no damage.
The orc closely misses you.
The orc warrior hits you with a +0 short sword.
The adder barely misses you. The orc hits you but does no damage.
The orc warrior hits you with a +0 short sword.
The orc hits you with a +0 flail.
You shoot an arrow.
The arrow hits the orc warrior but does no damage.
The orc warrior is moderately wounded.
The adder bites you but does no damage.
The orc warrior hits you but does no damage.
The orc hits you but does no damage. The orc misses you.
The adder closely misses you.
You shoot an arrow. The arrow hits the orc warrior.
The arrow freezes the orc warrior.
The orc warrior is heavily wounded.
The adder barely misses you. The orc barely misses you. The orc misses you.
The orc warrior closely misses you.
You shoot an arrow. The arrow hits the orc warrior.
The arrow freezes the orc warrior.
The orc warrior is severely wounded.
The adder bites you but does no damage. The orc hits you but does no damage.
The orc closely misses you. The orc warrior closely misses you.
The adder bites you.
You shoot an arrow.
The arrow closely misses the orc warrior.
The orc closely misses you. The orc barely misses you.
The orc warrior closely misses you. The adder bites you but does no damage.
The orc warrior hits you with a +0 short sword.
The orc misses you. x2
3442 ||| READING 2 scrolls of teleportation.
As you read the scroll of teleportation, it crumbles to dust.
You feel strangely unstable. The adder bites you but does no damage.
The adder closely misses you.
The orc warrior hits you with a +0 short sword!
The orc misses you. The orc hits you with a +0 flail.
You die...

.. .. .#
.# .#
####### .#
......o#S#
......o@.#
.......#o#
.......
...
.......
####
.......
.......
.......
##.###.


You could see an orc warrior, an adder and 2 orcs.

Vanquished Creatures
  2 black bears (D:5)
  A phantom (D:4)
  A bombardier beetle (D:5)
  A jelly (D:5)
  2 orc priests (D:5)
  A hound (D:5)
  Ijyb (D:3)
  Jessica (D:2)
  An iguana (D:5)
  2 orc wizards (D:5)
  3 gnolls (D:5)
  5 adders
  5 dart slugs
  A ribbon worm (D:4)
  11 orcs
  4 ball pythons
  5 endoplasms
  7 giant cockroaches
  9 goblins
  3 hobgoblins
  9 jackals
  3 quokkas
  4 bats
  4 frilled lizards
  5 kobolds
  7 rats
98 creatures vanquished.

Notes
Turn   | Place    | Note
-------+----------+-------------------------------------------
     0 | D:1      | qw the Djinni Hunter began the quest for the Orb.
     0 | D:1      | Reached XP level 1. HP: 18/18 MP: 0/0
     0 | D:1      | 0 ||| qw: Version: 0.3-a-136-gdd3b4e8
     0 | D:1      | 0 ||| qw: Game counter: 1158
     0 | D:1      | 0 ||| qw: Melee chars always use a shield: true
     0 | D:1      | 0 ||| qw: God list: Okawaru
     0 | D:1      | 0 ||| qw: Allow faded altars: false
     0 | D:1      | 0 ||| qw: Do Orc after clearing Dungeon:15 true
     0 | D:1      | 0 ||| qw: Do second Lair branch before Depths: true
     0 | D:1      | 0 ||| qw: Lair rune preference: random
     0 | D:1      | 0 ||| qw: Goals: Normal
     0 | D:1      | 0 ||| PLANNING D:1-11
   151 | D:1      | Reached XP level 2. HP: 23/23 MP: 0/0
   620 | D:1      | You are sucked into a shaft and drop 1 floor!
   654 | D:2      | Reached skill level 4 in Ranged Weapons
   654 | D:2      | Reached XP level 3. HP: 24/28 MP: 0/0
   654 | D:2      | Learned a level 1 spell: Summon Small Mammal
   689 | D:2      | 689 ||| UPGRADING to +0 helmet.
   694 | D:2      | 694 ||| UPGRADING to +6 ring of dexterity.
   695 | D:2      | 695 ||| READING scroll labelled JUTHI DOOLELOMN.
   696 | D:2      | 696 ||| READING scroll labelled ONUSCH SECRAJI.
   697 | D:2      | 697 ||| READING scroll labelled SABOELYMP.
   697 | D:2      | 697 ||| BRANDING +0 shortbow.
   698 | D:2      | 698 ||| READING 3 scrolls labelled GEARRE ISATT.
   703 | D:2      | 703 ||| READING scroll labelled QEAROAB UZENG.
   804 | D:2      | 804 ||| DROPPING scroll of butterflies.
  1341 | D:2      | Noticed Jessica
  1344 | D:2      | Killed Jessica
  1345 | D:2      | Reached skill level 3 in Dodging
  1345 | D:2      | Reached XP level 4. HP: 29/33 MP: 0/0
  1550 | D:2      | 1550 ||| UPGRADING to +0 ring mail.
  1560 | D:2      | 1560 ||| DROPPING +0 leather armour.
  1561 | D:2      | 1561 ||| READING scroll labelled FAWEEBERE.
  1561 | D:2      | 1561 ||| ENCHANTING +0 helmet.
  1562 | D:2      | 1562 ||| READING 2 scrolls labelled IXITOU VEIBOTORPH.
  1562 | D:2      | 1562 ||| IDENTIFYING silvery potion
  1563 | D:2      | 1563 ||| READING scroll of identify.
  1563 | D:2      | 1563 ||| IDENTIFYING ruby potion
  1564 | D:2      | 1564 ||| READING scroll labelled SECAICS ZUENA.
  1565 | D:2      | 1565 ||| DROPPING potion of lignification.
  1566 | D:2      | 1566 ||| DROPPING potion of ambrosia.
  1609 | D:3      | Reached XP level 5. HP: 39/39 MP: 0/0
  1609 | D:3      | Learned a level 2 spell: Searing Ray
  1621 | D:3      | Reached skill level 1 in Armour
  1623 | D:3      | Noticed Ijyb
  1641 | D:3      | 1641 ||| READING 2 scrolls of teleportation.
  1650 | D:3      | 1650 ||| READING scroll of teleportation.
  1656 | D:3      | 1656 ||| FLEEEEING.
  1657 | D:3      | 1657 ||| FLEEEEING.
  1658 | D:3      | 1658 ||| FLEEEEING.
  1659 | D:3      | 1659 ||| FLEEEEING.
  1660 | D:3      | 1660 ||| STAIRDANCE
  1662 | D:2      | 1662 ||| FLEEEEING.
  1663 | D:2      | 1663 ||| FLEEEEING.
  1664 | D:2      | 1664 ||| FLEEEEING.
  1670 | D:2      | 1670 ||| READING scroll labelled BUECIA KYRIUHA.
  1693 | D:3      | Killed Ijyb
  1694 | D:3      | Reached skill level 3 in Fighting
  1791 | D:3      | Noticed qw's ghost (amateur DjHu)
  1833 | D:3      | Found a runed translucent gate.
  1833 | D:3      | Found a runed translucent gate.
  1847 | D:3      | 1847 ||| READING scroll of enchant armour.
  1847 | D:3      | 1847 ||| ENCHANTING +1 helmet.
  1867 | D:3      | Found a runed translucent gate.
  1977 | D:3      | Identified the ring of Noruok {rCorr Str+3}
  2140 | D:3      | 2140 ||| UPGRADING to ring of Noruok {rCorr Str+3}.
  2141 | D:3      | 2141 ||| READING 2 scrolls of identify.
  2141 | D:3      | 2141 ||| IDENTIFYING bubbling ruby potion
  2142 | D:3      | 2142 ||| READING scroll of identify.
  2142 | D:3      | 2142 ||| IDENTIFYING yellow potion
  2143 | D:3      | 2143 ||| READING scroll labelled LUSIMI BAREI.
  2144 | D:3      | 2144 ||| DROPPING potion of invisibility.
  2265 | D:4      | Found a staircase to the Ecumenical Temple.
  2266 | D:4      | 2266 ||| PLANNING TEMPLE
  2277 | Temple   | Entered the Ecumenical Temple
  2278 | Temple   | 2278 ||| PLANNING OKAWARU WORSHIP
  2286 | Temple   | Became a worshipper of Warmaster Okawaru
  2287 | Temple   | 2287 ||| PLANNING D:1-11
  2307 | D:4      | Noticed a phantom
  2317 | D:4      | Killed a phantom
  2318 | D:4      | Reached XP level 6. HP: 40/46 MP: 0/0
  2426 | D:4      | Found a sacrificial altar of Ru.
  2503 | D:4      | Reached skill level 5 in Ranged Weapons
  2744 | D:4      | 2744 ||| UPGRADING to ring of protection from cold.
  2746 | D:4      | 2746 ||| READING scroll of identify.
  2746 | D:4      | 2746 ||| IDENTIFYING green potion
  2747 | D:4      | 2747 ||| DRINKING 3 viscous cyan potions.
  2748 | D:4      | 2748 ||| DRINKING 2 fizzy brown potions.
  2853 | D:4      | 2853 ||| DROPPING potion of degeneration.
  2854 | D:4      | 2854 ||| DROPPING potion of berserk rage.
  2866 | D:5      | Entered Level 5 of the Dungeon
  2922 | D:5      | Noticed a black bear
  2926 | D:5      | Killed a black bear
  2954 | D:5      | Reached XP level 7. HP: 52/52 MP: 0/0
  2954 | D:5      | Learned a level 3 spell: Gell's Gravitas
  3108 | D:5      | Reached * piety under Okawaru
  3144 | D:5      | Reached skill level 1 in Invocations
  3280 | D:5      | 3280 ||| DRINKING 2 potions of curing.
  3280 | D:5      | 3280 ||| (to cure confusion)
  3288 | D:5      | Reached skill level 6 in Ranged Weapons
  3407 | D:5      | 3407 ||| DROPPING ring of positive energy.
  3408 | D:5      | 3408 ||| READING 4 scrolls of identify.
  3408 | D:5      | 3408 ||| IDENTIFYING 2 brown potions
  3409 | D:5      | 3409 ||| READING 3 scrolls of identify.
  3409 | D:5      | 3409 ||| IDENTIFYING 2 orange potions
  3410 | D:5      | 3410 ||| DROPPING 2 potions of brilliance.
  3422 | D:6      | 3422 ||| STAIRDANCE
  3429 | D:5      | Reached XP level 8. HP: 58/58 MP: 0/0
  3441 | D:6      | HP: 12/58 [orc warrior/+0 short sword (4)]
  3442 | D:6      | 3442 ||| READING 2 scrolls of teleportation.
  3442 | D:6      | HP: 1/58 [orc warrior/+0 short sword (11)]
  3442 | D:6      | Slain by an orc

Levels and vault maps discovered:
D:1:      spicycebolla_arrival_risky_transporter, layout_loops_corners,
          minmay_misc_feat_enclosed, minmay_misc_feat_alley
D:2:      layout_basic, uniq_jessica
D:3:      layout_rooms, gammafunk_ghost_split, uniq_ijyb
D:4:      layout_loops_ring, marbit_many_paths,
          minmay_temple_entry_drinking_statues
D:5:      layout_basic
D:6:      gammafunk_steamed_eel, layout_basic, uniq_menkaure, uniq_grinder
Temple:   nicolae_temple_bog_church

Skill      XL: |  1  2  3  4  5  6  7 |
---------------+----------------------+-----
Ranged Weapons | 4 5 6 |  6.0
Dodging        | 3 4 |  4.0
Armour         | 1 |  1.2
Fighting       | 3 4 |  4.0
Invocations    | 2 |  2.0
Stealth        | |  0.7

Action                     |  1- 3 |  4- 6 |  7- 9 || total
---------------------------+-------+-------+-------++-------
  Melee: Unarmed           |       |     6 |       ||     6
   Fire: Shortbow          |    82 |   147 |    89 ||   318
    Use: Scroll            |     5 |    12 |     3 ||    20
         Potion            |       |     2 |     1 ||     3
 Armour: Leather armour    |    30 |     2 |       ||    32
         Ring mail         |       |    24 |    67 ||    91
         Skin              |       |     3 |       ||     3
  Dodge: Dodged            |    30 |    35 |    73 ||   138

Table legend:
 A = Non-vault XP
 B = Vault XP
 C = Vault XP percentage of total XP
 D = Non-vault monster count
 E = Vault monster count
 F = Vault count percentage of total count
                 A         B        C        D         E       F
            +---------+---------+-------+---------+---------+-------
      Total |     940 |      77 |   7.6 |      95 |       3 |   3.1
            +---------+---------+-------+---------+---------+-------
        D:1 |      24 |       0 |   0.0 |      15 |       0 |   0.0
        D:2 |      62 |      37 |  37.4 |      26 |       1 |   3.7
        D:3 |      64 |      38 |  37.3 |      26 |       1 |   3.7
        D:4 |     144 |       2 |   1.4 |       8 |       1 |  11.1
        D:5 |     646 |       0 |   0.0 |      20 |       0 |   0.0
            +---------+---------+-------+---------+---------+-------
